 Dungeon Crawl Stone Soup version 0.31.0-1-g2c135a0 (webtiles) character file.

Game seed: 7362250825065318841

57 jagoly the Apothecary (level 4, -9/36 HPs)
             Began as a Naga Alchemist on Jan 24, 2024.
             Mangled by a gnoll
             ... wielding a +2 halberd of distortion
             ... led by a gnoll bouda
              (19 damage)
             ... on level 4 of the Dungeon.
             The game lasted 00:14:38 (432 turns).

jagoly the Apothecary (Naga Alchemist)               Turns: 432, Time: 00:14:38

Health: -9/36      AC:  2    Str: 11    XL:     4   Next: 0%
Magic:  3/7        EV:  9    Int: 17    God:
Gold:   63         SH:  0    Dex: 11    Spells: 4/8 levels left

rFire   . . .        c - +0 dagger
rCold   . . .        (no shield)
rNeg    . . .        a - +0 robe
rPois   +            (no helmet)
rElec   .            (no cloak)
rCorr   .            (no gloves)
SInv    +            (no barding)
Will    .....        (no amulet)
Stlth   ++           (no ring)
HPRegen 0.26/turn    (no ring)
MPRegen 0.10/turn

%: no passive effects
@: very slightly contaminated, very slow
A: AC +1, large, see invisible, deformed body, poison resistance, slowness 2,
spit poison 1, naga tail 1
a: Spit Poison


You were on level 4 of the Dungeon.
You visited 1 branch of the dungeon, and saw 4 of its levels.

You collected 63 gold pieces.

Inventory:

Hand Weapons
 c - a +0 dagger (weapon)
 h - a +0 hand axe
 n - a +0 falchion
Missiles
 d - 7 stones
Armour
 a - a +0 robe (worn)
 e - the +1 ring mail "Fycasy" {rElec rF+}
   (You found it on level 2 of the Dungeon)

   rF+:       It protects you from fire.
   rElec:     It insulates you from electricity.
Scrolls
 g - 3 scrolls of vulnerability {unknown}
 i - a scroll of identify {unknown}
 k - a scroll of acquirement {unknown}
 l - 3 scrolls of teleportation {unknown}
Potions
 b - a potion of magic
 f - a potion of curing {unknown}
 j - a potion of degeneration {unknown}
 m - a potion of invisibility {unknown}
 o - a potion of attraction {unknown}


   Skills:
 - Level 1.5 Dodging
 - Level 4.0 Stealth
 + Level 2.6 Spellcasting
 + Level 1.4 Conjurations
 + Level 0.7 Air Magic
 + Level 4.3 Alchemy


You had 4 spell levels left.
You knew the following spells:

 Your Spells              Type           Power      Damage    Failure   Level
a - Sting                 Conj/Alch      48%        1d6       5%          1
f - Mephitic Cloud        Conj/Alch/Air  9%         N/A       22%         3

Your spell library contained the following spells:

 Spells                   Type           Power      Damage    Failure   Level
 Mercury Vapours          Alch/Air       20%        N/A       10%         2
 Olgreb's Toxic Radiance  Alch           17%        N/A       30%         4
 Sticky Flame             Fire/Alch      9%         2d5       58%         4


Dungeon Overview and Level Annotations

Branches:
Dungeon (4/15) Zot: 23449
 Temple: D:4-7

Altars:


Innate Abilities, Weirdness & Mutations

Your serpentine skin is tough. (AC +1)
You have supernaturally acute eyesight. (SInv)
Armour fits poorly on your strangely shaped body.
Your system is resistant to poisons. (rPois)
You cover ground very slowly.
You can spit poison.
You have a snake-like lower body.


Message History

You barely miss the rat. The rat bites you.
You barely miss the rat. The rat closely misses you.
You hit the rat.
You kill the rat!
No target in view!
An endoplasm comes into view.
Found a whip.
Cast which spell? (? or * to list)
Aiming: Sting (safe; 9% risk of failure)
Press: ? - help, Shift-Dir - straight line, f - endoplasm
Aim: an endoplasm (wandering, hasn't noticed you, 97% to hit)
The sting hits the endoplasm.
The endoplasm partially resists.
The endoplasm is lightly wounded.
The endoplasm barely misses you.
You hit the endoplasm.
The endoplasm is almost dead.
The endoplasm freezes you.
You are frozen.
Cast which spell? (? or * to list)
You don't know that spell.
Okay, then.
Unknown command.
Hit: c) +0 dagger
Press: ? - help, Dir - move target, f/p - endoplasm
Aim: an endoplasm (almost dead, about 14% to evade your +0 dagger)
You hit the endoplasm but do no damage.
The endoplasm is almost dead.
The endoplasm hits you.
Hit: c) +0 dagger
Press: ? - help, Dir - move target, f/p - endoplasm
Aim: an endoplasm (almost dead, about 14% to evade your +0 dagger)
You hit the endoplasm.
You kill the endoplasm!
You have reached level 2!
You see here 4 stones.
d - 4 stones
There is a stone staircase leading down here.
You climb downwards.
There is a stone staircase leading up here.
Cast which spell? (? or * to list)
You can't see any susceptible monsters within range! (Use Z to cast anyway.) Unknown command.
Cast which spell? (? or * to list)
Aiming: Sting (safe; 9% risk of failure)
Press: ? - help, Shift-Dir - straight line, f - goblin
Aim: a goblin, wielding a +0 club (asleep, 100% to hit)
The sting hits the goblin.
The goblin is poisoned.
The goblin is heavily wounded.
The goblin shouts!
You kill the goblin!
Found a jewelled ring mail.
The bat completely misses you.
You barely miss the bat. The bat hits you. The bat barely misses you.
You closely miss the bat. The bat hits you but does no damage.
The bat hits you.
You closely miss the bat. The bat barely misses you.
The bat hits you but does no damage.
You hit the bat but do no damage. The bat closely misses you.
Found 15 gold pieces.
The bat hits you but does no damage. The bat completely misses you.
Things that are here:
a +0 club; a goblin corpse You barely miss the bat.
The bat barely misses you. The bat hits you.
You hit the bat.
You kill the bat!
You see here the +1 ring mail "Fycasy" {rElec rF+}.
Okay, then.
Unknown command.
Unknown command.
e - the +1 ring mail "Fycasy" {rElec rF+} You now have 15 gold pieces.
A ball python comes into view.
Cast which spell? (? or * to list)
Aiming: Sting (safe; 8% risk of failure)
Press: ? - help, Shift-Dir - straight line, f - ball python
Aim: a ball python (asleep, 100% to hit)
The sting hits the ball python.
The ball python is poisoned.
You kill the ball python!
Found a stone staircase leading up.
Found a long sword.
Unknown command.
A hobgoblin comes into view.
Found 3 stones.
Cast which spell? (? or * to list)
Aiming: Sting (safe; 8% risk of failure)
Press: ? - help, Shift-Dir - straight line, f - hobgoblin
Aim: a hobgoblin (asleep, 100% to hit)
The sting hits the hobgoblin.
The hobgoblin is poisoned.
You kill the hobgoblin!
d - 7 stones (gained 3)
There is a stone staircase leading up here.
You climb upwards.
Found an inky potion, 15 gold pieces and a scroll labelled IMIMEAF ECLEY.
There is a stone staircase leading down here.
Cast which spell? (? or * to list)
Aiming: Sting (safe; 8% risk of failure)
Press: ? - help, Shift-Dir - straight line, f - rat
Aim: a rat (asleep, 100% to hit)
The sting hits the rat.
The rat is poisoned.
You kill the rat!
A hobgoblin comes into view.
You see here an inky potion.
f - an inky potion You see here 15 gold pieces.
You now have 30 gold pieces (gained 15).
Cast which spell? (? or * to list)
Aiming: Sting (safe; 8% risk of failure)
Press: ? - help, Shift-Dir - straight line, f - hobgoblin
Aim: a hobgoblin (68% to hit)
The sting hits the hobgoblin but does no damage.
The hobgoblin is poisoned.
Cast which spell? (? or * to list)
Aiming: Sting (safe; 8% risk of failure)
Press: ? - help, Shift-Dir - straight line, f/p - hobgoblin
Aim: a hobgoblin (lightly wounded, poisoned, 68% to hit)
The sting hits the hobgoblin.
The hobgoblin looks even sicker.
The hobgoblin is moderately wounded.
You kill the hobgoblin!
The hobgoblin shouts!
You hear an angry hiss.
Cast which spell? (? or * to list)
You can't see any susceptible monsters within range! (Use Z to cast anyway.) Unknown command.
A frilled lizard comes into view.
Cast which spell? (? or * to list)
Aiming: Sting (safe; 8% risk of failure)
Press: ? - help, Shift-Dir - straight line, f - hobgoblin
Aim: a hobgoblin (68% to hit)
The sting hits the hobgoblin.
The hobgoblin is poisoned.
The hobgoblin is severely wounded.
Hit: c) +0 dagger
Press: ? - help, Dir - move target, f/p - hobgoblin
Aim: a hobgoblin (heavily wounded, poisoned, about 40% to evade your +0 dagger)
You hit the hobgoblin.
The hobgoblin is severely wounded.
You kill the hobgoblin!
Your Alchemy skill increases to level 4!
You closely miss the frilled lizard. The frilled lizard barely misses you.
You hit the frilled lizard.
You kill the frilled lizard!
You see here a hobgoblin corpse.
g - a scroll labelled IMIMEAF ECLEY A frilled lizard comes into view.
The frilled lizard hisses angrily.
You hear an angry hiss.
A ball python comes into view.
The frilled lizard unfolds its giant frill.
Cast which spell? (? or * to list)
Aiming: Sting (safe; 8% risk of failure)
Press: ? - help, Shift-Dir - straight line, f - frilled lizard
Aim: a frilled lizard (48% to hit)
The sting hits the frilled lizard.
The frilled lizard is poisoned.
You kill the frilled lizard!
The ball python hisses angrily.
Cast which spell? (? or * to list)
Aiming: Sting (safe; 8% risk of failure)
Press: ? - help, Shift-Dir - straight line, f - ball python
Aim: a ball python (64% to hit)
The sting misses the ball python.
Cast which spell? (? or * to list)
Aiming: Sting (safe; 8% risk of failure)
Press: ? - help, Shift-Dir - straight line, f/p - ball python
Aim: a ball python (64% to hit)
The sting misses the ball python.
You hit the ball python.
The ball python is severely wounded.
The ball python bites you but does no damage.
You hit the ball python.
You kill the ball python!
There is a stone staircase leading down here.
You climb downwards.
There is a stone staircase leading up here.
A frilled lizard comes into view.
Found a beast talisman.
The frilled lizard moves out of view.
Found a hand axe.
Found an escape hatch in the ceiling.
Found a stone staircase leading down.
You see here a beast talisman.
Press: ? - help, v - describe, . - travel, g - get item Item here: a beast talisman.
The floor.
A rat comes into view.
The frilled lizard hisses angrily.
The rat squeaks loudly.
You hit the frilled lizard.
The frilled lizard is heavily wounded.
The frilled lizard bites you.
You closely miss the frilled lizard.
The frilled lizard is heavily wounded.
The frilled lizard completely misses you.
You hit the frilled lizard.
You kill the frilled lizard!
The rat closely misses you.
You closely miss the rat. The rat completely misses you.
You barely miss the rat. The rat bites you.
You closely miss the rat. The rat barely misses you.
You completely miss the rat. The rat bites you.
You hit the rat.
You kill the rat!
Found a scroll labelled BOALIH UNIJO.
You see here a +0 hand axe.
h - a +0 hand axe
i - a scroll labelled BOALIH UNIJO Unknown command.
Found a smoky dark potion.
Found a stone staircase leading down.
j - a smoky dark potion
There is a stone staircase leading down here.
You climb downwards.
Found 2 scrolls labelled IMIMEAF ECLEY and a scroll labelled DIXOQO KAIQ.
Found two stone staircases leading up.
There is a stone staircase leading up here.
Hit: c) +0 dagger
Press: ? - help, Dir - move target, f - kobold
Aim: a kobold, wielding a +0 short sword (asleep, about 2% to evade your +0 dagger)
The helpless kobold fails to defend itself.
You puncture the kobold!
You kill the kobold!
A frilled lizard comes into view.
Hit: c) +0 dagger
Press: ? - help, Dir - move target, f - frilled lizard
Aim: a frilled lizard (asleep, about 2% to evade your +0 dagger)
The helpless frilled lizard fails to defend itself.
You puncture the frilled lizard!
You kill the frilled lizard!
A bat comes into view.
There is a stone staircase leading up here.
Unknown command.
Cast which spell? (? or * to list)
Aiming: Sting (safe; 8% risk of failure)
Press: ? - help, Shift-Dir - straight line, f - bat
Aim: a bat (asleep, 100% to hit)
The sting misses the goblin.
The sting hits the bat.
The bat is poisoned.
The bat is severely wounded.
The frilled lizard hisses angrily.
The goblin hits you with a +0 dagger.
Cast which spell? (? or * to list)
Aiming: Sting (safe; 8% risk of failure)
Press: ? - help, Shift-Dir - straight line, f - goblin, p - bat
Aim: a goblin, wielding a +0 dagger (60% to hit)
The sting misses the goblin.
The bat hits you. The goblin hits you with a +0 dagger.
Cast which spell? (? or * to list)
Aiming: Sting (safe; 8% risk of failure)
Press: ? - help, Shift-Dir - straight line, f/p - goblin
Aim: a goblin, wielding a +0 dagger (60% to hit)
The sting hits the goblin.
The goblin is poisoned.
The goblin is severely wounded.
You kill the goblin!
You kill the bat!
Training target 4.0 for Stealth reached!
Your Stealth skill increases to level 4!
Things that are here:
a +0 dagger; a goblin corpse
Press: ? - help, v - describe, . - travel, g - get item
Items here: a +0 dagger; a goblin corpse.
The floor.
You see here a scroll labelled IMIMEAF ECLEY.
g - 2 scrolls labelled IMIMEAF ECLEY (gained 1) Hit: c) +0 dagger
Press: ? - help, Dir - move target, f - frilled lizard
Aim: a frilled lizard (about 58% to evade your +0 dagger)
You hit the frilled lizard.
You kill the frilled lizard!
You have reached level 3!
Your experience leads to an increase in your attributes!
Increase (S)trength, (I)ntelligence, or (D)exterity?
You feel clever. x2; Your skin feels tougher.
Unknown command.
Okay, then.
This spell is extremely dangerous to cast!
You start memorising the spell.
You continue memorising. x3
You finish memorising.
Spell assigned to 'b'.
Adjust (i)tems, (s)pells, or (a)bilities?
Adjust which spell? b - Mephitic Cloud Adjust to which letter? f - Mephitic Cloud
Press: ? - help, v - describe, . - travel, g - get item
Items here: a +0 dagger; a goblin corpse.
The floor.
You see here a scroll labelled IMIMEAF ECLEY.
g - 3 scrolls labelled IMIMEAF ECLEY (gained 1)
A giant cockroach comes into view.
Found an escape hatch in the ceiling.
You hit the frilled lizard.
The frilled lizard is heavily wounded.
The frilled lizard barely misses you.
You miss the frilled lizard.
The frilled lizard is heavily wounded.
The frilled lizard bites you but does no damage.
You closely miss the frilled lizard.
The frilled lizard is heavily wounded.
The frilled lizard bites you but does no damage.
You miss the frilled lizard.
The frilled lizard is heavily wounded.
The frilled lizard bites you.
You hit the frilled lizard.
You kill the frilled lizard!
There is a stone staircase leading up here.
You hit the giant cockroach but do no damage.
The giant cockroach closely misses you.
You hit the giant cockroach but do no damage.
The giant cockroach barely misses you.
You barely miss the giant cockroach. The giant cockroach bites you.
You hit the giant cockroach.
The giant cockroach is heavily wounded.
The giant cockroach misses you. The giant cockroach bites you.
You closely miss the giant cockroach.
The giant cockroach is heavily wounded.
The giant cockroach bites you.
You barely miss the giant cockroach.
The giant cockroach is heavily wounded.
The giant cockroach closely misses you.
You hit the giant cockroach but do no damage.
The giant cockroach is heavily wounded.
The giant cockroach bites you but does no damage.
You barely miss the giant cockroach.
The giant cockroach is heavily wounded.
The giant cockroach bites you but does no damage.
You hit the giant cockroach but do no damage.
The giant cockroach is heavily wounded.
A hound comes into view.
The giant cockroach closely misses you. The giant cockroach barely misses you.
Cast which spell? (? or * to list)
Aiming: Sting (safe; 6% risk of failure)
Press: ? - help, Shift-Dir - straight line, f - hound
Aim: a hound (wandering, hasn't noticed you, 60% to hit)
The sting hits the hound.
The hound is poisoned.
The hound is lightly wounded.
The hound barks!
The giant cockroach barely misses you.
Cast which spell? (? or * to list)
Aiming: Sting (safe; 6% risk of failure)
Press: ? - help, Shift-Dir - straight line, f/p - hound
Aim: a hound (lightly wounded, poisoned, 60% to hit)
The sting misses the hound.
The giant cockroach closely misses you.
Cast which spell? (? or * to list)
Aiming: Sting (safe; 6% risk of failure)
Press: ? - help, Shift-Dir - straight line, f/p - hound
Aim: a hound (lightly wounded, poisoned, 60% to hit)
The sting hits the hound but does no damage.
The hound looks even sicker.
The hound is lightly wounded.
The hound bites you but does no damage.
The giant cockroach bites you but does no damage.
Cast which spell? (? or * to list)
Aiming: Sting (safe; 6% risk of failure)
Press: ? - help, Shift-Dir - straight line, f/p - hound
Aim: a hound (moderately wounded, very poisoned, 60% to hit)
The sting hits the hound.
The hound looks even sicker.
The hound is moderately wounded.
The hound bites you. The giant cockroach barely misses you.
The hound bites you but does no damage.
Cast which spell? (? or * to list)
Aiming: Sting (safe; 6% risk of failure)
Press: ? - help, Shift-Dir - straight line, f/p - hound
Aim: a hound (moderately wounded, very poisoned, 60% to hit)
The sting misses the hound.
The giant cockroach closely misses you. The hound bites you but does no damage.
The giant cockroach bites you but does no damage.
Cast which spell? (? or * to list)
Aiming: Sting (safe; 6% risk of failure)
Press: ? - help, Shift-Dir - straight line, f/p - hound
Aim: a hound (severely wounded, very poisoned, 60% to hit)
The sting hits the hound.
The hound looks as sick as possible!
The hound is severely wounded.
The hound bites you. x2
The giant cockroach bites you but does no damage.
Hit: c) +0 dagger
Press: ? - help, Dir - move target, f/p - hound
Aim: a hound (severely wounded, extremely poisoned, about 50% to evade your +0 dagger)
You hit the hound.
The hound is almost dead.
The hound barely misses you. The giant cockroach bites you.
* * * LOW HITPOINT WARNING * * *
Hit: c) +0 dagger
Press: ? - help, Dir - move target, f/p - hound
Aim: a hound (almost dead, extremely poisoned, about 50% to evade your +0 dagger)
You barely miss the hound.
The hound is almost dead.
You kill the hound!
The giant cockroach closely misses you.
Hit: c) +0 dagger
Press: ? - help, Dir - move target, f - giant cockroach
Aim: a giant cockroach (moderately wounded, about 40% to evade your +0 dagger)
You closely miss the giant cockroach.
The giant cockroach is moderately wounded.
The giant cockroach closely misses you.
Hit: c) +0 dagger
Press: ? - help, Dir - move target, f/p - giant cockroach
Aim: a giant cockroach (moderately wounded, about 40% to evade your +0 dagger)
You hit the giant cockroach.
You kill the giant cockroach!
Hit: c) +0 dagger
Press: ? - help, Dir - move target, f - you That would be overly suicidal.
Okay, then.
Unknown command.
You climb upwards.
There is a stone staircase leading down here.
You can't go up here!
You climb downwards.
There is a stone staircase leading up here.
Found a scroll labelled COTUDYL PUCOG.
Found an escape hatch in the floor.
k - a scroll labelled DIXOQO KAIQ
l - a scroll labelled COTUDYL PUCOG
Found a scroll labelled COTUDYL PUCOG.
Found 12 gold pieces.
l - 2 scrolls labelled COTUDYL PUCOG (gained 1)
You now have 42 gold pieces (gained 12).
You open the door.
A rat comes into view.
Found a scroll labelled COTUDYL PUCOG and 11 gold pieces.
Found 10 gold pieces.
The rat squeaks loudly.
The rat completely misses you.
There is an open door here.
You barely miss the rat. The rat bites you.
You hit the rat.
You kill the rat!
Found a black potion.
l - 3 scrolls labelled COTUDYL PUCOG (gained 1)
You now have 53 gold pieces (gained 11).
You now have 63 gold pieces (gained 10).
m - a black potion
Okay, then.
You open the door.
There is an open door here.
As you open the door, it creaks loudly!
There is an open door here.
Found a leather armour.
You see here a +0 leather armour.
A ball python comes into view.
Found a stone staircase leading down.
There is a stone staircase leading down here.
The helpless ball python fails to defend itself.
You puncture the ball python!
You kill the ball python!
You have reached level 4!
You feel stronger.
You climb downwards.
There is a stone staircase leading up here.
Found a robe.
There is a stone staircase leading up here.
You climb upwards.
There is a stone staircase leading down here.
There is a stone staircase leading down here.
You climb downwards.
There is a stone staircase leading up here.
Found a falchion and a glowing clear potion.
You see here a +0 falchion.
n - a +0 falchion
o - a glowing clear potion A water moccasin comes into view.
Found a stone staircase leading up.
Press: ? - help, v - describe, . - travel
Here: a water moccasin (asleep)
The floor.
Unknown command.
Unknown command.
Okay, then.
You aren't carrying any items that you can evoke.
Unknown command.
Press: ? - help, v - describe, . - travel
Here: a water moccasin (asleep)
The floor.
Placed new exclusion.
Reduced exclusion size to a single square.
Removed exclusion.
The water moccasin hisses angrily.
A gnoll comes into view.
It is wielding a +2 halberd of distortion and quivering 2 throwing nets.
You aren't carrying any items that you can evoke.
Hit: c) +0 dagger
Press: ? - help, Dir - move target, f - water moccasin
Aim: a water moccasin (about 58% to evade your +0 dagger)
You barely miss the water moccasin. The water moccasin bites you!
The water moccasin bites you.
Cast which spell? (? or * to list)
You can't see any susceptible monsters within range! (Use Z to cast anyway.) Unknown command.
Cast which spell? (? or * to list)
Okay, then.
Cast which spell? (? or * to list)
Okay, then.
Cast which spell? (? or * to list)
Aiming: Sting (safe; 5% risk of failure)
Press: ? - help, Shift-Dir - straight line, f/p - water moccasin
Aim: a water moccasin (53% to hit)
The sting misses the water moccasin.
The sting hits the gnoll but does no damage.
The gnoll is poisoned.
The water moccasin bites you.
* * * LOW HITPOINT WARNING * * *
Cast which spell? (? or * to list)
Aiming: Mephitic Cloud (quite dangerous; 22% risk of failure)
Press: ? - help, Shift-Dir - straight line, f/p - water moccasin
Aim: a water moccasin (not susceptible)
You miscast Mephitic Cloud.
You are very lightly contaminated with residual magic.
Nothing appears to happen.
The water moccasin barely misses you.
The gnoll hits you from afar with a +2 halberd of distortion!
* * * LOW HITPOINT WARNING * * *
Space warps horribly around you!!
Ouch! That really hurt!
You die...

#### .<#
..# #.#
#g# #S#
#@#######
#.......#
#######.#
#.# #.#
#.# #.#
#.# ###.#


You could see a water moccasin and a gnoll (poisoned).

Vanquished Creatures
  A hound (D:3)
  2 endoplasms (D:1)
  2 giant cockroaches
  4 goblins
  3 hobgoblins
  A kobold (D:3)
  3 ball pythons
  2 bats
  6 frilled lizards
  4 rats
28 creatures vanquished.

Notes
Turn   | Place    | Note
-------+----------+-------------------------------------------
     0 | D:1      | jagoly the Naga Alchemist began the quest for the Orb.
     0 | D:1      | Reached XP level 1. HP: 15/15 MP: 3/3
    74 | D:1      | Reached XP level 2. HP: 16/22 MP: 1/5
   105 | D:2      | Identified the +1 ring mail "Fycasy" {rElec rF+}
   234 | D:3      | Reached XP level 3. HP: 22/28 MP: 2/6
   238 | D:3      | Learned a level 3 spell: Mephitic Cloud
   363 | D:3      | Reached XP level 4. HP: 36/36 MP: 7/7
   426 | D:4      | Noticed a water moccasin
   432 | D:4      | Mangled by a gnoll

Illustrated notes

Levels and vault maps discovered:
D:1:      psy_arrival_terrarium, layout_basic
D:2:      layout_loops_ring, serial_shops, nicolae_shop_pleasant_corner_grove,
          serial_aquarium, aquarium_bridge_straight [aquarium_subvault_bridge,
          aquarium_subvault_wall, aquarium_subvault_bridge,
          aquarium_subvault_wall], aquarium_bridge_square
          [aquarium_subvault_wall, aquarium_subvault_bridge,
          aquarium_subvault_wall, aquarium_subvault_window],
          aquarium_window_double, aquarium_window_1, aquarium_window_corner,
          aquarium_view_2f, aquarium_balcony_1b, aquarium_pool_corner,
          uniq_sigmund
D:3:      minmay_octagon_keep, layout_rooms, dk_noncrumbling_3
D:4:      layout_basic

Skill      XL: |  1  2 |
---------------+-------+-----
Alchemy        | 4 |  4.3
Stealth        | 4 |  4.0
Dodging        | |  1.5
Spellcasting   | |  2.6
Conjurations   | |  1.4
Air Magic      | |  0.7

Action                     |  1- 3 |  4- 6 || total
---------------------------+-------+-------++-------
  Melee: Dagger            |    61 |     1 ||    62
   Cast: Sting             |    26 |     1 ||    27
   Stab: Sleeping          |     3 |       ||     3
 Armour: Robe              |    41 |     4 ||    45
  Dodge: Dodged            |    34 |     1 ||    35
